 Dungeon Crawl Stone Soup version bcrawl-1.38.2 (webtiles) character file.

Game seed: 1799652790354503056

204930 Mehrunes the Insei (level 8, -1/61 HPs)
             Began as a High Elf Transmuter on Apr 29, 2023.
             Was a Believer of Cheibriados.
             Slain by a wolf spider zombie (19 damage)
             ... on level 5 of the Dungeon.
             The game lasted 00:19:33 (6071 turns).

Mehrunes the Insei (High Elf Transmuter)            Turns: 6071, Time: 00:19:34

Health: -1/61      AC:  2    Str: 15    XL:     8   Next: 31%
Magic:  17/17      EV: 26    Int: 21    God:    Cheibriados [**....]
Gold:   343        SH:  0    Dex: 26    Spells: 2/17 levels left

rFire    + . .     GDR:     35%   - Fangs (venom) (13.4)
rCold    . . .     SeeInvis .   (shield currently unavailable)
rNeg     . . .     Gourm    .   (armour currently unavailable)
rPois    .         Faith    .   (helmet currently unavailable)
rElec    .         Spirit   .   (cloak currently unavailable)
rCorr    .         Reflect  .   (gloves currently unavailable)
MR       .....     Clarity  +   (boots currently unavailable)
Stlth    ++........             (no amulet)
HPRegen  0.20/turn              s - ring of poison resistance
MPRegen  0.15/turn              b - ring of protection from fire

@: spider-form, very slow
A: tiny, obsessive focus, MP-powered wands
a: End Transformation, Bend Time, Defer, Renounce Religion


You were on level 5 of the Dungeon.
You worshipped Cheibriados.
Cheibriados was pleased with you.
You were not hungry.
You were a venomous arachnid creature.
You visited 2 branches of the dungeon, and saw 6 of its levels.

You collected 343 gold pieces.

Inventory:

Hand Weapons
 y - the cursed +3 falchion of the Pits of Slime {slice, rF+, unknown}
   (You found it on level 4 of the Dungeon)

   It will always inflict at least some extra damage.
   This minimum extra damage increases with your current reserve of magical
   power.
   It protects you from fire.
   It has a curse placed upon it.
Missiles
 a - 751 arrows
 r - a throwing net {=f}
Armour
 m - a +0 pair of boots (melded)
 x - the +2 robe of Mawac (melded) {rN+ Dex+6}
   (You found it on level 4 of the Dungeon)

   It affects your dexterity (+6).
   It protects you from negative energy.
Jewellery
 b - a ring of protection from fire (right front leg)
 s - a ring of poison resistance (left front leg)
Wands
 q - a wand of polymorph (14)
Scrolls
 f - 4 scrolls of magic mapping
 j - 2 scrolls of remove curse
 u - 2 scrolls of fear {unknown}
 v - a scroll of amnesia
Potions
 d - 4 potions of lignification
 g - 3 potions of might {unknown}
 k - a potion of curing {unknown}
 l - a potion of invisibility {unknown}
 n - 2 potions of brilliance {unknown}
 o - a potion of heal wounds {unknown}
 p - a potion of cancellation {unknown}
 t - 2 potions of haste {unknown}
 w - a potion of degeneration {unknown}
Comestibles
 e - 12 rations {!d}
 i - 4 chunks of flesh


   Skills:
 - Level 4.7 Fighting
 - Level 5.1 Dodging
 + Level 6.0 Unarmed Combat
 - Level 5.3 Spellcasting
 + Level 5.4 Transmutations


You had 2 spell levels left.
You knew the following spells:

 Your Spells              Type           Power        Failure   Level  Hunger
a - Beastly Appendage     Tmut           ####..       5%          1    None
b - Sticks to Snakes      Tmut           ####....     7%          2    None
c - Spider Form           Tmut/Pois      ###          26%         3    ##.....
d - Blade Hands           Tmut           ####......   52%         5    ######.
e - Ice Form              Ice/Tmut       ###.....     56%         4    ####...

Your spell library contained the following spells:

 Spells                   Type           Power        Failure   Level  Hunger
 Passwall                 Tmut/Erth      ###.....     16%         2    None


Dungeon Overview and Level Annotations

Branches:
Dungeon (5/12)             Temple (1/1) D:4

Altars:
Ashenzari
Cheibriados
Dithmenos
Elyvilon
Fedhas
Gozag
Hepliaklqana
Kikubaaqudgha
Lugonu
Makhleb
Nemelex Xobeh
Okawaru
Qazlal
Ru
Sif Muna
Uskayaw
Wu Jian
Xom
Yredelemnul
Zin

Shops:
D:5 (

Annotations:
D:5 Pikel


Innate Abilities, Weirdness & Mutations

You can't train low skills.
You expend magic power (3 MP) to strengthen your wands.


Message History

Aiming: Polymorph
Press: ? - help, Shift-Dir - straight line, f - worker ant
Aim: a worker ant (hasn't noticed you, chance to defeat MR: 63%)
Okay, then.
Unknown command.
The wolf spider zombie completely misses you.
The wolf spider zombie bites you but does no damage.
The wolf spider zombie hits you but does no damage.
The wolf spider zombie closely misses you.
The wolf spider zombie hits you!
The wolf spider zombie completely misses you.
The wolf spider zombie closely misses you.
The wolf spider zombie bites you.
* * * LOW HITPOINT WARNING * * *
The wolf spider zombie closely misses you.
The wolf spider zombie completely misses you.
You see here a +0 giant club.
You hear a grinding noise.
The wolf spider zombie hits you!!
You die...

# ###### ####
#....#######...
######.##....[<...##
#.Zs...#############
#.###### #. #
###a.## #. ##.
#.....# #.
###...####.##..# ##
.......<.......# #
#.................
...............###
#.............##


You could see a worker ant and a wolf spider zombie.

Vanquished Creatures
  Prince Ribbit (D:5)
  Sigmund (D:5)
  A hungry ghost (D:5)
  2 slaves (D:5)
  An ogre (D:5)
  A phantom (D:4)
  A scorpion (D:5)
  A howler monkey (D:5)
  An orc priest (D:3)
  2 crimson imps (D:4)
  2 hounds
  5 orc wizards
  An iguana (Temple)
  4 worker ants
  3 adders
  An ooze (D:3)
  An adder skeleton (D:4)
  6 worms
  A dart slug (D:2)
  4 leopard geckos
  16 orcs
  A giant cockroach (D:4)
  8 hobgoblins
  2 jackals (D:3)
  2 quokkas
  5 bats
  2 frilled lizards (D:2)
  6 goblins
  2 jackal skeletons (D:4)
  6 kobolds
  2 rats (D:1)
92 creatures vanquished.

Vanquished Creatures (collateral kills)
  An adder (D:3)
  6 orcs
  2 jackals (D:3)
9 creatures vanquished.

Grand Total: 101 creatures vanquished

Notes
Turn   | Place    | Note
-------+----------+-------------------------------------------
     0 | D:1      | Mehrunes the High Elf Transmuter began the quest for the
                  | Orb.
     0 | D:1      | Reached XP level 1. HP: 15/15 MP: 4/4
   284 | D:1      | Reached XP level 2. HP: 21/21 MP: 4/6
  1235 | D:2      | Reached XP level 3. HP: 23/26 MP: 6/8
  1328 | D:1      | Learned a level 2 spell: Sticks to Snakes
  1332 | D:1      | Learned a level 3 spell: Spider Form
  1398 | D:2      | Reached XP level 4. HP: 4/33 MP: 9/9
  1804 | D:2      | Found a faded altar of an unknown god.
  2868 | D:3      | Reached XP level 5. HP: 38/40 MP: 4/10
  2874 | D:3      | Reached skill level 4 in Unarmed Combat
  3403 | D:4      | Found a staircase to the Ecumenical Temple.
  3411 | Temple   | Entered the Ecumenical Temple
  3875 | Temple   | Became a worshipper of Cheibriados the Contemplative
  4000 | D:4      | Learned a level 5 spell: Blade Hands
  4011 | D:4      | Got a steaming robe
  4054 | D:4      | Reached XP level 6. HP: 39/47 MP: 7/12
  4590 | D:4      | Identified the +2 robe of Mawac {rN+ Dex+6} (You found it
                  | on level 4 of the Dungeon)
  4627 | D:4      | Reached * piety under Cheibriados
  4982 | D:4      | Reached XP level 7. HP: 53/53 MP: 14/14
  5003 | D:4      | Got a twisted falchion
  5356 | D:5      | Entered Level 5 of the Dungeon
  5374 | D:5      | Noticed Sigmund
  5386 | D:5      | Killed Sigmund
  5387 | D:5      | Reached skill level 5 in Unarmed Combat
  5451 | D:5      | Found Eptitweenn's Weapon Shoppe.
  5452 | D:5      | Noticed Prince Ribbit
  5464 | D:5      | Killed Prince Ribbit
  5549 | D:5      | Noticed a hungry ghost
  5564 | D:5      | Killed a hungry ghost
  5565 | D:5      | Reached skill level 5 in Spellcasting
  5565 | D:5      | Reached XP level 8. HP: 61/61 MP: 5/16
  5724 | D:5      | Learned a level 4 spell: Ice Form
  5747 | D:5      | Reached skill level 5 in Dodging
  5747 | D:5      | Reached skill level 5 in Transmutations
  5774 | D:5      | Noticed Pikel
  5791 | D:5      | Reached ** piety under Cheibriados
  6050 | D:5      | Reached skill level 6 in Unarmed Combat
  6071 | D:5      | Slain by a wolf spider zombie

Skill      XL: |  1  2  3  4  5  6  7  8 |
---------------+-------------------------+-----
Fighting       | 2 3 4 |  4.7
Spellcasting   | 3 4 5 |  5.3
Dodging        | 3 4 5 |  5.1
Transmutations | 3 4 5 |  5.4
Unarmed Combat | 4 5 6 |  6.0

Action                   |  1- 3 |  4- 6 |  7- 9 || total
-------------------------+-------+-------+-------++-------
Melee: Unarmed           |    88 |   204 |    69 ||   361
       Kick              |     5 |     7 |       ||    12
       Headbutt          |     6 |    21 |     1 ||    28
       Punch             |       |     3 |       ||     3
 Cast: Beastly Appendage |    17 |    31 |     1 ||    49
       Sticks to Snakes  |       |    14 |       ||    14
       Spider Form       |       |     2 |     4 ||     6
       Blade Hands       |       |       |     1 ||     1
  Use: Scroll            |       |     4 |     4 ||     8
 Stab: Sleeping          |       |     1 |       ||     1
       Distracted        |       |       |     1 ||     1
  Eat: Chunk             |     3 |    18 |     5 ||    26
Armor: Robe              |    14 |    21 |     3 ||    38
       Skin              |       |     1 |     4 ||     5
Dodge: Dodged            |    60 |   147 |    68 ||   275
